 Dungeon Crawl Stone Soup version 0.28.0-43-g3370ac3207 (webtiles) character file.

Game seed: 17598914187988997540

293 adizb the Poker (level 6, -2/47 HPs)
             Began as a Merfolk Gladiator on Mar 3, 2022.
             Slain by an orc
             ... wielding a +0 dagger
              (3 damage)
             ... on level 3 of the Dungeon.
             The game lasted 00:13:41 (2298 turns).

adizb the Poker (Merfolk Gladiator)                 Turns: 2298, Time: 00:13:41

Health: -2/47      AC:  4    Str: 14    XL:     6   Next: 33%
Magic:  6/6        EV: 14    Int:  7    God:
Gold:   100        SH:  0    Dex: 18    Spells: 5/5 levels left

rFire   x . .      SeeInvis .   d - +0 scythe
rCold   + . .      Faith    .   (shield currently unavailable)
rNeg    . . .      Spirit   .   b - +0 leather armour
rPois   .          Reflect  .   c - +0 helmet
rElec   .          Harm     .   (no cloak)
rCorr   .          Rampage  .   (no gloves)
Will    .....                   (no boots)
Stlth   +++.......              (no amulet)
HPRegen 0.15/turn               h - ring of ice
MPRegen 0.10/turn               e - ring of flight

@: about to teleport, flying
A: (nimble swimmer 2), mertail
a: no special abilities


You were on level 3 of the Dungeon.
You visited 1 branch of the dungeon, and saw 3 of its levels.

You collected 100 gold pieces.

Inventory:

Hand Weapons
 a - a +0 trident
 d - a +0 scythe (weapon)
Armour
 b - a +0 leather armour (worn)
 c - a +0 helmet (worn)
Jewellery
 e - a ring of flight (right hand)
 h - a ring of ice (left hand)
Wands
 i - a wand of polymorph (12)
Scrolls
 f - a scroll of summoning {unknown}
 j - a scroll of immolation {unknown}
 n - a scroll of silence


   Skills:
 + Level 3.4 Fighting
 + Level 5.6 Polearms
 + Level 3.2 Throwing
 + Level 5.1 Dodging
 * Level 4.0 Stealth


You had 5 spell levels left.
You didn't know any spells.
Your spell library was empty.

Dungeon Overview and Level Annotations

Branches:
Dungeon (3/15)

Altars:


Innate Abilities, Weirdness & Mutations

((You are very nimble when in or above water. (Stealth+, EV+, Speed+++)))
Your lower body shifts to a powerful aquatic tail in water.


Message History

The orc wizard hits you with a +0 dagger.
You hear some strange, mumbled words.
A puff of flame appears from out of thin air!
The puff of flame hits you! The fire burns you terribly! The orc misses you.
The orc wizard hits you but does no damage.
You are too confused!
You bump into the rock wall.
The orc hits you but does no damage. Something hits you but does no damage.
The orc wizard casts a spell at you. The magic dart hits you.
You barely miss something. The orc hits you with a +0 dagger.
Something hits you.
* * * LOW HITPOINT WARNING * * *
The orc wizard hits you but does no damage.
Something hits you.
* * * LOW HITPOINT WARNING * * *
The orc hits you with a +0 dagger.
* * * LOW HITPOINT WARNING * * *
It was a potion of flight.
You feel more buoyant.
You feel less confused.
The orc wizard gestures at you while chanting.
The magic dart hits you.
* * * LOW HITPOINT WARNING * * *
The orc misses you. Something hits you but does no damage.
You slash the orc wizard!
The orc wizard is severely wounded.
You hear some strange, mumbled words.
A puff of flame appears from out of thin air!
The puff of flame misses you.
The puff of flame hits the orc.
As you read the scroll of teleportation, it crumbles to dust.
You feel strangely unstable. The orc closely misses you.
You hear some strange, mumbled words.
A magic dart appears from out of thin air!
The magic dart hits you.
* * * LOW HITPOINT WARNING * * *
The orc wizard hits you but does no damage.
You slash the orc wizard!
You kill the orc wizard!
Something hits you but does no damage. The orc hits you with a +0 dagger.
You die...

#..........# #..........#
###.# .. #..........#
#...# .# #..........#
#.#.# .# # #..........#
#.#$##.##.#
#.........)###...#.....#
'....†.....'....oo...>.##
#..........###.#o#J.....#
############ #.{@ors....#
#####...#..# ...# ..... #
.o.#..# ## ...# .# .##
.... # ..#### ...#.
.....####


You could see a scorpion, 4 orcs, an endoplasm and a quokka.

Vanquished Creatures
  Sigmund (D:3)
  The ghost of pkoi the Ruffian, a weakling DrMo (D:3)
  An orc wizard (D:3)
  4 adders
  A worm (D:3)
  2 dart slugs
  4 orcs (D:3)
  5 bats
  2 endoplasms
  5 giant cockroaches
  5 goblins
  8 hobgoblins
  A quokka (D:2)
  6 ball pythons
  4 frilled lizards
  A quokka skeleton (D:2)
  5 rats
56 creatures vanquished.

Vanquished Creatures (others)
  2 plants (D:2)
2 creatures vanquished.

Grand Total: 58 creatures vanquished

Notes
Turn   | Place    | Note
-------+----------+-------------------------------------------
     0 | D:1      | adizb the Merfolk Gladiator began the quest for the Orb.
     0 | D:1      | Reached XP level 1. HP: 16/16 MP: 1/1
   142 | D:1      | Reached skill level 1 in Stealth
   142 | D:1      | Reached XP level 2. HP: 23/23 MP: 2/2
   469 | D:1      | Found a faded altar of an unknown god.
   488 | D:1      | Reached XP level 3. HP: 7/28 MP: 3/3
  1324 | D:2      | Reached XP level 4. HP: 34/34 MP: 4/4
  1558 | D:3      | Noticed Sigmund
  1568 | D:3      | Killed Sigmund
  1569 | D:3      | Reached skill level 5 in Polearms
  1569 | D:3      | Reached XP level 5. HP: 41/41 MP: 5/5
  1653 | D:3      | Noticed pkoi's ghost (weakling DrMo)
  1685 | D:3      | Reached skill level 5 in Dodging
  1692 | D:3      | Found a runed translucent door.
  1728 | D:3      | Killed pkoi's ghost
  1729 | D:3      | Reached XP level 6. HP: 10/47 MP: 6/6
  2295 | D:3      | HP: 2/47 [orc wizard/magic dart (5)]
  2298 | D:3      | Slain by an orc

Illustrated notes

Levels and vault maps discovered:
D:1:      saegor_arrival_simple_a, layout_basic, serial_rivers,
          chequers_serial_rivers_large_b, chequers_serial_rivers_micro_d,
          chequers_serial_rivers_micro_c, chequers_serial_rivers_micro_c,
          chequers_serial_rivers_small_a, chequers_serial_rivers_micro_a,
          shapermc_ecumenical_altar_starsandcircs
D:2:      layout_basic, serial_forest, infiniplex_forest_lined_ring,
          infiniplex_forest_clump_curved, infiniplex_forest_corner_1,
          infiniplex_forest_lined_2, infiniplex_forest_lined_room_,
          infiniplex_forest_lined_corner, infiniplex_forest_lined_corner,
          infiniplex_forest_lined_3
D:3:      layout_basic, kiku_gazebo_pond_becter, hellmonk_ghost_happy_afterlife,
          uniq_sigmund

Skill      XL: |  1  2  3  4  5  6 |
---------------+-------------------+-----
Stealth        | 1 2 3 4 |  4.0
Fighting       | 3 |  3.4
Polearms       | 5 |  5.6
Throwing       | 3 |  3.2
Dodging        | 5 |  5.1

Action                   |  1- 3 |  4- 6 || total
-------------------------+-------+-------++-------
Melee: Trident           |   101 |    10 ||   111
       Tailslap          |     1 |       ||     1
       Scythe            |       |    68 ||    68
Throw: Throwing net      |     8 |     2 ||    10
  Use: Scroll            |       |     7 ||     7
       Potion            |       |     7 ||     7
 Stab: Sleeping          |     2 |     1 ||     3
       Held in net/web   |     3 |     1 ||     4
       Distracted        |     1 |       ||     1
Armor: Leather armour    |    14 |    17 ||    31
Dodge: Dodged            |    51 |    65 ||   116
